 Dungeon Crawl Stone Soup version 0.30.1-11-g7821555f0a (webtiles) character file.

Game seed: 4581632729742946296

5 Cheops the Magician (level 1, -2/10 HPs)
             Began as a Deep Elf Hedge Wizard on Dec 18, 2023.
             Slain by a hobgoblin (4 damage)
             ... on level 1 of the Dungeon.
             The game lasted 00:01:16 (263 turns).

Cheops the Magician (Deep Elf Hedge Wizard)          Turns: 263, Time: 00:01:16

Health: -2/10      AC:  3    Str:  7    XL:     1   Next: 66%
Magic:  6/8        EV: 12    Int: 18    God:
Gold:   21         SH:  0    Dex: 14    Spells: 8/9 levels left

rFire   . . .        a - +0 dagger
rCold   . . .        (no shield)
rNeg    . . .        b - +1 robe
rPois   .            c - +0 hat
rElec   .            (no cloak)
rCorr   .            (no gloves)
SInv    .            (no boots)
Will    .....        (no amulet)
Stlth   ++           (no ring)
HPRegen 0.21/turn    (no ring)
MPRegen 0.11/turn

%: no passive effects
@: no status effects
A: no striking features
a: no special abilities


You were on level 1 of the Dungeon.
You visited 1 branch of the dungeon, and saw 1 of its levels.

You collected 21 gold pieces.

Inventory:

Hand Weapons
 a - a +0 dagger (weapon)
Armour
 b - a +1 robe (worn)
 c - a +0 hat (worn)
Jewellery
 h - a +6 ring of dexterity
Scrolls
 j - a scroll of noise
Potions
 d - a potion of magic
 f - a potion of mutation {unknown}


   Skills:
 - Level 2.4 Dodging
 - Level 2.4 Stealth
 * Level 4.7 Spellcasting
 + Level 1.4 Conjurations
 - Level 1.1 Summonings
 - Level 1.1 Translocations


You had 8 spell levels left.
You knew the following spells:

 Your Spells              Type           Power      Damage    Failure   Level
a - Magic Dart            Conj           36%        1d4       8%          1

Your spell library contained the following spells:

 Spells                   Type           Power      Damage    Failure   Level
 Blink                    Tloc           16%        N/A       13%         2
 Call Imp                 Summ           16%        N/A       13%         2
 Slow                     Hex            16%        N/A       14%         1
 Cigotuvi's Dreadful Rot  Necr/Pois/Air  8%         N/A       21%         2
 Mephitic Cloud           Conj/Pois/Air  5%         N/A       34%         3


Dungeon Overview and Level Annotations

Branches:
Dungeon (1/15)

Altars:

Annotations:
D:1 gold


Message History

The hobgoblin is moderately wounded.
Casting: Magic Dart (safe; 8% risk of failure)
Confirm with . or Enter, or press ? or * to list all spells.
Aiming: Magic Dart (safe; 8% risk of failure)
Press: ? - help, Shift-Dir - straight line, f/p - hobgoblin
Aim: a hobgoblin (moderately wounded, 100% to hit)
The magic dart hits the hobgoblin.
The hobgoblin is heavily wounded.
The hobgoblin shouts!
An endoplasm comes into view.
There are monsters nearby!
There are monsters nearby!
Casting: Magic Dart (safe; 8% risk of failure)
Confirm with . or Enter, or press ? or * to list all spells.
Aiming: Magic Dart (safe; 8% risk of failure)
Press: ? - help, Shift-Dir - straight line, f/p - hobgoblin
Aim: a hobgoblin (moderately wounded, 100% to hit)
The magic dart hits the hobgoblin.
The hobgoblin is severely wounded.
The endoplasm quivers.
The hobgoblin hits you.
* * * LOW HITPOINT WARNING * * *
The hobgoblin attacks as you move away! The hobgoblin hits you.
* * * LOW HITPOINT WARNING * * *
An endoplasm comes into view.
The hobgoblin attacks as you move away! The hobgoblin hits you.
* * * LOW HITPOINT WARNING * * *
The hobgoblin attacks as you move away! The hobgoblin hits you.
* * * LOW HITPOINT WARNING * * *
As you read the scroll labelled USUM SALIREICU, it crumbles to dust.
It is a scroll of enchant armour.
Your +0 robe glows green for a moment.
The hobgoblin completely misses you.
As you read the scroll labelled XIXTAM JUNOFETT, it crumbles to dust.
You feel aware of your surroundings.
You sensed 1 altar.
It was a scroll of magic mapping.
The hobgoblin completely misses you.
As you read the scroll labelled BIVYNGE QENOSM, it crumbles to dust.
It is a scroll of identify.
j - a scroll of noise The hobgoblin hits you.
You die...

******* #.......... *,,,,,*
#.......... *,,,,,*********
#..........
*,,,,,,,,,,,,,*########.........)
*,,,,,,,,,,,,,*#...............).
*,,,,,,,,,,,,,*#..........####.##
,,,,,,,,,,,,,,*#..........# #.#
**,*,,,.,,,,,,##..........# #.#
*,*,,,...##**#.@.........# #.##
**,*,,,......##.gg........####...
,,,+,,,......J...................
**,*,,,......##.J.........#######
,*,****###..,*#...........# ##
,,,* #..g.............# #.
*,,******#................# ##.
,,,,*,,,.J................*####..
,**,*,,,.................,*#.....


You could see 2 endoplasms and 2 hobgoblins.

Vanquished Creatures
  An endoplasm (D:1)
  3 goblins (D:1)
  A kobold (D:1)
5 creatures vanquished.

Notes
Turn   | Place    | Note
-------+----------+-------------------------------------------
     0 | D:1      | Cheops the Deep Elf Hedge Wizard began the quest for the
                  | Orb.
     0 | D:1      | Reached XP level 1. HP: 10/10 MP: 7/7
   263 | D:1      | Slain by a hobgoblin

Illustrated notes

Levels and vault maps discovered:
D:1:      grunt_arrival_lava_bath, layout_basic,
          shapermc_ecumenical_altar_mp_vishouse, corexii_leaking_fountain

Action                     || total
---------------------------++-------
   Cast: Magic Dart        ||    12
    Use: Scroll            ||     3
  Dodge: Dodged            ||     2
